Map: Sequencer LE

Players

TRUE - Winner!

  • Race: Zerg Zerg
  • Spawn Location: 1:00

Harstem

  • Race: Protoss Protoss
  • Spawn Location: 7:00

Event: WCS Valencia 2017

VOD

Have the link to the VOD?

Description

Time

  • Played on: July 13, 2017, 2:22 p.m.
  • Length: 8:36

All games in this series

Show
View Real Time Build Order
Export as new Build Order

TRUE Zerg - Winner!

Build Orders: Hatch First 

Get SALT Encoding   

  12  0:00  Drone  
  13  0:12  Overlord  
  13  0:17  Drone  
  14  0:31  Drone x2  
  14  0:34  Drone  
  17  0:52  Hatchery  
  17  0:56  Drone  
  17  1:08  Spawning Pool  
  17  1:10  Extractor  
  15  1:13  Drone  
  15  1:16  Drone  
  17  1:20  Drone  
  18  1:27  Drone  
  19  1:38  Overlord  
  19  1:49  Drone  
  20  1:54  Queen  
  20  2:00  Zergling x2  
  23  2:03  Queen  
  23  2:04  Drone  
  26  2:13  Drone  
  27  2:16  Drone  
  27  2:22  Drone  
  29  2:25  Drone  
  30  2:38  Drone x2  
  32  2:46  Hatchery  
  32  2:47  Overlord  
  32  2:50  Drone  
  32  2:54  Drone  
  32  2:57  Drone  
  34  3:03  Drone x2  
  36  3:07  Pneumatized Carapace  
  36  3:08  Drone x3  
  36  3:12  Queen  
  41  3:14  Drone  
  41  3:17  Drone  
  41  3:18  Drone  
  44  3:23  Evolution Chamber, Drone  
  44  3:27  Metabolic Boost  
  44  3:31  Overlord  
  44  3:34  Overlord  
  44  3:43  Overlord  
  44  3:49  Queen  
  44  3:50  Drone  
  44  3:51  Drone x5  
  54  4:06  Lair  
  54  4:07  Drone x5  
  54  4:09  Drone  
  58  4:11  Drone x3  
  58  4:13  Extractor  
  60  4:17  Drone x2  
  60  4:18  Drone x2  
  60  4:22  Overlord  
  64  4:30  Extractor  
  63  4:33  Overlord  
  63  4:36  Zergling x4  
  65  4:39  Zergling x2  
  65  4:40  Zergling x2  
  65  4:41  Zergling x2  
  65  4:44  Zergling x4  
  70  4:46  Zergling x2  
  70  4:47  Zergling x6  
  70  4:52  Zerg Melee Weapons Level 1  
  74  4:54  Overlord  
  74  4:55  Zergling x2  
  74  4:56  Zergling x2  
  76  5:00  Extractor  
  76  5:04  Overseer x2, Zergling x4  
  76  5:05  Zergling x2  
  76  5:07  Zergling x4  
  76  5:09  Zergling x2  
  76  5:14  Drone  
  80  5:16  Hydralisk Den  
  79  5:23  Extractor  
  78  5:31  Drone x9  
  78  5:34  Overlord  
  87  5:37  Overlord  
  87  5:40  Overlord  
  87  5:46  Hatchery, Muscular Augments  
  87  5:47  Hydralisk x4  
  87  5:48  Queen  
  87  5:49  Overlord  
  96  5:52  Hydralisk  
  96  5:55  Hydralisk  
  100  6:01  Hydralisk  
  100  6:03  Hydralisk  
  104  6:04  Zergling x6  
  104  6:06  Hydralisk  
  104  6:11  Hydralisk  
  108  6:14  Hydralisk  
  108  6:18  Hydralisk  
  106  6:23  Hydralisk  
  106  6:28  Hydralisk x2  
  106  6:32  Hydralisk  
  108  6:37  Hydralisk  
  112  6:40  Queen  
  114  6:48  Hydralisk x3  
  114  6:51  Hydralisk  
  114  6:53  Zergling x12  
  126  6:54  Hydralisk  
  126  6:58  Hydralisk  
  128  7:02  Hydralisk  
  128  7:05  Hydralisk  
  128  7:09  Hydralisk  
  128  7:13  Hydralisk  
  130  7:16  Zergling x8  
  130  7:18  Zergling x2  
  132  7:23  Zergling x6  
  132  7:26  Hydralisk  
  135  7:31  Zergling x2  
  135  7:32  Overlord  
  135  7:35  Overlord x2  
  136  7:40  Overlord  
  136  7:41  Overlord  
  136  7:43  Overlord x3  
  135  7:51  Zergling x2  
  135  7:53  Zergling x2  
  135  7:55  Zergling x10  
  135  7:56  Zergling x16  
  150  8:03  Zergling x4  
  150  8:04  Zergling x6  
  142  8:06  Zergling x4  
  142  8:10  Zergling x6  
  138  8:15  Zergling x4  
  138  8:16  Zergling x4  
  138  8:17  Zergling x2  
  138  8:19  Zergling x4  
Show
View Real Time Build Order
Export as new Build Order

Harstem Protoss 

Build Orders: Nexus First, Zealot Archon, Dark Templar Rush 

Get SALT Encoding   

  12  0:00  Probe (Chrono Boost)  
  13  0:11  Probe (Chrono Boost)  
  14  0:18  Pylon  
  14  0:22  Probe (Chrono Boost)  
  15  0:36  Probe (Chrono Boost)  
  16  0:47  Probe (Chrono Boost)  
  17  0:58  Nexus  
  17  1:09  Gateway  
  17  1:12  Probe (Chrono Boost)  
  17  1:17  Assimilator  
  18  1:22  Probe (Chrono Boost)  
  18  1:25  Assimilator  
  20  1:33  Probe (Chrono Boost)  
  20  1:43  Probe (Chrono Boost)  
  21  1:56  Cybernetics Core  
  21  1:57  Probe (Chrono Boost)  
  22  2:02  Pylon  
  22  2:08  Probe (Chrono Boost)  
  23  2:09  Zealot (Chrono Boost)  
  23  2:10  Probe (Chrono Boost)  
  26  2:18  Probe (Chrono Boost)  
  26  2:20  Probe (Chrono Boost)  
  28  2:28  Probe (Chrono Boost)  
  29  2:31  Probe (Chrono Boost)  
  29  2:32  Warp Gate  
  29  2:36  Stalker (Chrono Boost)  
  32  2:38  Probe  
  32  2:40  Twilight Council  
  33  2:45  Probe  
  33  2:48  Probe  
  35  2:57  Probe (Chrono Boost)  
  36  2:59  Robotics Facility  
  36  3:00  Probe (Chrono Boost)  
  37  3:08  Probe (Chrono Boost)  
  37  3:11  Probe (Chrono Boost)  
  39  3:19  Probe (Chrono Boost)  
  39  3:22  Probe (Chrono Boost), Gateway  
  39  3:26  Dark Shrine  
  40  3:29  Probe (Chrono Boost)  
  40  3:31  Pylon  
  40  3:33  Probe (Chrono Boost)  
  42  3:39  Mothership Core (Chrono Boost)  
  44  3:46  Gateway  
  44  3:48  Warp Prism (Chrono Boost)  
  46  3:50  Probe  
  46  3:55  Gateway  
  47  3:57  Probe  
  48  4:03  Probe  
  48  4:09  Probe  
  49  4:12  Charge  
  49  4:15  Probe, Pylon  
  51  4:20  Nexus  
  51  4:21  Probe  
  52  4:27  Pylon  
  52  4:30  Assimilator  
  52  4:35  Probe  
  52  4:36  Pylon, Assimilator  
  54  4:46  Dark Templar x2  
  54  4:49  Zealot x2  
  54  4:50  Probe  
  62  4:55  Probe  
  62  4:57  Pylon  
  63  5:13  Probe  
  63  5:15  Probe  
  63  5:17  Gateway  
  63  5:18  Forge  
  65  5:22  Dark Templar x2  
  65  5:23  Zealot  
  65  5:25  Zealot  
  65  5:26  Archon x2  
  73  5:30  Probe  
  73  5:32  Probe x2  
  76  5:37  Pylon  
  76  5:42  Probe x2  
  77  5:48  Immortal (Chrono Boost)  
  83  5:51  Zealot  
  83  5:52  Zealot  
  83  5:54  Zealot x2  
  83  5:55  Probe  
  83  5:56  Probe  
  91  6:00  Probe  
  91  6:02  Protoss Ground Weapons Level 1  
  93  6:12  Probe  
  93  6:15  Probe  
  93  6:16  Probe  
  92  6:19  Zealot x4  
  92  6:21  Dark Templar  
  92  6:24  Pylon  
  90  6:30  Probe  
  91  6:34  Probe, Gateway, Immortal (Chrono Boost)  
  91  6:35  Pylon, Probe  
  97  6:42  Probe  
  97  6:44  Probe  
  97  6:46  Dark Templar  
  101  6:49  Pylon, Dark Templar  
  101  6:52  Zealot x2  
  107  6:55  Probe  
  107  6:57  Zealot  
  107  7:00  Probe x2  
  106  7:07  Probe (Chrono Boost)  
  94  7:12  Probe x2 (Chrono Boost)  
  93  7:17  Zealot x2  
  93  7:19  Probe (Chrono Boost)  
  97  7:23  Probe x2 (Chrono Boost)  
  97  7:24  Dark Templar x2  
  97  7:29  Probe (Chrono Boost)  
  104  7:32  Gateway  
  104  7:33  Probe (Chrono Boost)  
  104  7:34  Probe (Chrono Boost), Assimilator, Archon  
  104  7:36  Dark Templar  
  108  7:38  Archon, Assimilator  
  108  7:43  Probe (Chrono Boost)  
  109  7:45  Probe (Chrono Boost)  
  109  7:46  Probe (Chrono Boost)  
  109  7:49  Archon  
  111  7:51  Dark Templar x2  
  111  7:52  Zealot  
  111  7:57  Archon  
  107  8:06  Zealot x2  
  107  8:11  Zealot  
  99  8:13  Zealot  
  91  8:23  Probe (Chrono Boost)  
  91  8:26  Gateway  
  86  8:27  Zealot x2  
  86  8:28  Gateway  
  86  8:32  Zealot x2  
Tags
 
Add a new tag
Caveats
  • Supply blocks, unpowered buildings, or Contaminate may cause inaccurate times.
  • Supply counts are checked every 10 seconds.